 Dungeon Crawl Stone Soup version 0.27-a0-1308-gc08437e49b (webtiles) character file.

Game seed: 14586167940351716383

4574 pkoi the Grappler (level 10, -4/88 HPs)
             Began as a Troll Monk on June 18, 2021.
             Was an Elder of Dithmenos.
             Splashed by Maggie's acid (11 damage)
             ... on level 7 of the Dungeon.
             The game lasted 00:07:25 (5291 turns).

pkoi the Grappler (Troll Monk)                      Turns: 5291, Time: 00:07:26

Health: -4/88      AC:  4    Str: 24    XL:     10   Next: 18%
Magic:  13/13      EV: 11    Int:  6    God:    Dithmenos [****..]
Gold:   424        SH:  0    Dex: 12    Spells: 9/9 levels left

rFire    . . .     SeeInvis .     - Unarmed
rCold    . . .     Faith    .   (no shield)
rNeg     + . .     Spirit   .   a - +1 robe
rPois    .         Reflect  .   n - +1 hat
rElec    .         Harm     .   k - +1 cloak
rCorr    .         Rampage  .   (gloves unavailable)
Will     .....                  (boots unavailable)
Stlth    ++........             (no amulet)
HPRegen  1.24/turn              i - ring of positive energy
MPRegen  0.13/turn              (no ring)

@: corroded, wreathed by umbra
A: large, unfitting armour, claws 3, regeneration 1, shaggy fur 1, tough skin 1
a: Renounce Religion, Shadow Step


You were on level 7 of the Dungeon.
You worshipped Dithmenos.
Dithmenos was greatly pleased with you.
You visited 2 branches of the dungeon, and saw 8 of its levels.

You collected 494 gold pieces.
You spent 70 gold pieces at shops.

Inventory:

Missiles
 c - 6 javelins (quivered)
Armour
 a - a +1 robe (worn)
 k - a +1 cloak (worn)
 n - a +1 hat (worn)
Jewellery
 i - a ring of positive energy (left claw)
Wands
 l - a wand of digging (9)
 m - a wand of iceblast (7)
 q - a wand of paralysis (6)
Scrolls
 d - 4 scrolls of identify
 e - 2 scrolls of blinking
 f - a scroll of vulnerability
 j - a scroll of enchant armour
 p - 2 scrolls of fog
 r - a scroll of teleportation
Potions
 b - 2 potions of invisibility {unknown}
 g - 2 potions of curing {unknown}
 h - 2 potions of heal wounds
 o - a potion of degeneration {unknown}


   Skills:
 + Level 2.4 Fighting
 - Level 1.2 Throwing
 - Level 2.6 Armour
 - Level 6.0 Dodging
 - Level 2.0 Stealth
 * Level 11.1 Unarmed Combat
 - Level 5.4 Invocations


You had 9 spell levels left.
You didn't know any spells.
Your spell library was empty.

Dungeon Overview and Level Annotations

Branches:
Dungeon (7/15)             Temple (1/1) D:5

Altars:
Dithmenos
Nemelex Xobeh
Ru
Sif Muna
Trog
The Shining One

Shops:
D:3 !

Annotations:
D:7 Maggie


Innate Abilities, Weirdness & Mutations

You are too large for most types of armour.
You have claws for hands.
Your natural rate of healing is unusually fast.
You are covered in fur. (AC +1)
You have tough skin. (AC +1)


Message History

Found a robe.
There is an open door here.
Maggie the Vainglorious comes into view.
She is wielding a +0 halberd and carrying a wand of acid (5).
Maggie shouts!
Maggie zaps a wand.
The bolt of acid hits you!! The acid corrodes you!
You are splashed with acid!
You closely miss Maggie. Maggie hits you with a +0 halberd!
You mangle Maggie!!
Maggie is moderately wounded.
Maggie points at you and mumbles some strange words.
The bolt of fire hits you!
You are too injured to fight recklessly!
You are too injured to fight recklessly!
You are too injured to fight recklessly!
You are too injured to fight recklessly!
You are too injured to fight recklessly!
You are too injured to fight recklessly!
You are too injured to fight recklessly!
You are too injured to fight recklessly!
You are too injured to fight recklessly!
You are too injured to fight recklessly!
You are too injured to fight recklessly!
You are too injured to fight recklessly!
You are too injured to fight recklessly!
You are too injured to fight recklessly!
You are too injured to fight recklessly!
You are too injured to fight recklessly!
You closely miss Maggie.
Maggie is moderately wounded.
You barely miss Maggie.
Maggie is moderately wounded.
Maggie gestures wildly while chanting.
Maggie attempts to bespell you!
You easily resist.
You claw Maggie! You claw Maggie, but do no damage.
Maggie is heavily wounded.
Maggie says, "Leave now, and tell all of Margery's mercy!"
Maggie zaps a wand.
The bolt of acid hits you!!
* * * LOW HITPOINT WARNING * * *
You are splashed with acid!
You die...

+.......# ##..P.....8
#.......###P8...88.P.
...........##.8........
............##......P...
###########..........)..
#.#.......∩..P
#.##.8.P..[...
#########.##..88...8.P
#...@@....##.....P..P.
#.........##.....P....
#.........###.....P...
#.........# ##..8...8.
#.........# #.........
#.....................
#........############.
#........# .. .##


You could see Maggie.

Vanquished Creatures
  A wolf spider zombie (D:7)
  5 centaur zombies (D:7)
  2 hellwings (D:7)
  Grinder (D:4)
  A steam dragon (D:6)
  Menkaure (D:6)
  Edmund (Temple)
  4 ogres
  Blork the orc (D:5)
  A water moccasin zombie (D:6)
  2 scorpions
  A water moccasin skeleton (D:5)
  A howler monkey (D:5)
  Crazy Yiuf (D:3)
  A bullfrog zombie (D:6)
  2 orc priests
  A gnoll shaman (D:6)
  3 hounds (D:5)
  Natasha (twice) (D:4)
  2 iguanas
  7 orc wizards
  A hound zombie (D:5)
  A hound skeleton (D:3)
  A howler monkey skeleton (D:4)
  5 gnolls (D:6)
  6 adders
  5 shadow imps
  A white imp (D:6)
  2 ufetubi
  2 dart slugs
  18 orcs
  4 endoplasms
  9 goblins
  11 hobgoblins
  23 jackals
  A quokka (D:1)
  4 ball pythons
  3 bats
  6 frilled lizards
  6 kobolds
  4 rats
154 creatures vanquished.

Vanquished Creatures (others)
  2 withered plants (D:7)
2 creatures vanquished.

Grand Total: 156 creatures vanquished

Notes
Turn   | Place    | Note
-------+----------+-------------------------------------------
     0 | D:1      | pkoi the Troll Monk began the quest for the Orb.
     0 | D:1      | Reached XP level 1. HP: 22/22 MP: 0/0
   133 | D:1      | Reached XP level 2. HP: 29/29 MP: 1/1
   488 | D:1      | Reached skill level 4 in Unarmed Combat
   565 | D:1      | Reached XP level 3. HP: 36/36 MP: 2/2
   727 | D:1      | Found a faded altar of an unknown god.
   991 | D:2      | Reached skill level 1 in Throwing
  1572 | D:3      | Reached XP level 4. HP: 44/44 MP: 3/3
  1576 | D:3      | Found a shadowy altar of Dithmenos.
  1598 | D:3      | Became a worshipper of Dithmenos the Shadowed
  1598 | D:3      | Reached * piety under Dithmenos
  1598 | D:3      | Reached ** piety under Dithmenos
  1631 | D:3      | Found Acorumir's Distillery.
  1639 | D:3      | Bought a potion of heal wounds for 70 gold pieces
  2135 | D:3      | Found a runed translucent door.
  2136 | D:3      | Noticed Crazy Yiuf
  2143 | D:3      | Killed Crazy Yiuf
  2144 | D:3      | Reached skill level 5 in Unarmed Combat
  2245 | D:4      | Noticed Grinder
  2260 | D:4      | Killed Grinder
  2261 | D:4      | Reached skill level 1 in Invocations
  2261 | D:4      | Reached XP level 5. HP: 37/50 MP: 3/5
  2261 | D:4      | Reached XP level 6. HP: 44/59 MP: 3/6
  2502 | D:4      | Reached skill level 6 in Unarmed Combat
  2627 | D:4      | Reached XP level 7. HP: 51/66 MP: 7/7
  2708 | D:4      | Noticed Natasha
  2712 | D:4      | Killed Natasha
  2905 | D:4      | Noticed Natasha
  2914 | D:4      | Killed Natasha
  2915 | D:4      | Reached skill level 1 in Armour
  3023 | D:4      | Reached *** piety under Dithmenos
  3075 | D:4      | Found a shimmering blue altar of Sif Muna.
  3152 | D:5      | Entered Level 5 of the Dungeon
  3225 | D:5      | Noticed Blork the orc
  3236 | D:5      | Killed Blork the orc
  3250 | D:5      | Reached skill level 7 in Unarmed Combat
  3387 | D:5      | Reached XP level 8. HP: 73/74 MP: 8/8
  3420 | D:5      | Found a glowing golden altar of the Shining One.
  3561 | D:5      | Found a staircase to the Ecumenical Temple.
  3575 | D:5      | Noticed Edmund
  3578 | Temple   | Entered the Ecumenical Temple
  3591 | Temple   | Killed Edmund
  3592 | Temple   | Reached skill level 8 in Unarmed Combat
  4221 | D:6      | Noticed Menkaure
  4229 | D:6      | Killed Menkaure
  4539 | D:6      | Found a sparkling altar of Nemelex Xobeh.
  4549 | D:6      | Identified the +6 whip of the Ship {pain, rPois rCorr Dex-5
                  | SInv}
  4558 | D:6      | Reached skill level 9 in Unarmed Combat
  4572 | D:6      | Identified the +7 spear of Koix {elec, Dex+3}
  4684 | D:6      | Found a bloodstained altar of Trog.
  4770 | D:6      | Found a sacrificial altar of Ru.
  4974 | D:7      | Reached XP level 9. HP: 80/80 MP: 10/10
  5004 | D:7      | Noticed a hellwing
  5006 | D:7      | Noticed a hellwing
  5023 | D:7      | Reached **** piety under Dithmenos
  5028 | D:7      | Killed a hellwing
  5029 | D:7      | Reached skill level 5 in Dodging
  5035 | D:7      | Killed a hellwing
  5036 | D:7      | Reached skill level 10 in Unarmed Combat
  5118 | D:7      | Reached skill level 5 in Invocations
  5124 | D:7      | Reached XP level 10. HP: 88/88 MP: 12/12
  5129 | D:7      | Reached skill level 11 in Unarmed Combat
  5282 | D:7      | Noticed Maggie
  5291 | D:7      | Splashed by Maggie's acid

Illustrated notes

Levels and vault maps discovered:
D:1:      nagdon_arrival_zigzag_paths, layout_basic,
          chequers_ecumenical_altar_lobes, hangedman_decor_opposing,
          minmay_misc_feat_iff
D:2:      layout_loops_cross, serial_bayou_pond_a
D:3:      layout_basic, overflow_temple_1_default, serial_shops, shop,
          uniq_crazy_yiuf_cottage
D:4:      layout_gridville, general_overflow_altar, uniq_natasha, uniq_grinder
D:5:      minmay_inner_zag, layout_basic, tso_altar,
          minmay_temple_entry_overgrown, uniq_edmund, uniq_blork_the_orc
D:6:      layout_loops_cross, lemuel_doored_altar, overflow_temple_1_default,
          nicolae_ru_the_path_less_chosen, serial_bayou_lake_a, uniq_menkaure
D:7:      cheibrodos_grave_circle, layout_basic, gammafunk_ghost_cemetery,
          corexii_hall_statues_t, kennysheep_opposing_triangles, uniq_maggie
Temple:   nicolae_temple_god_jail

Skill      XL: |  1  2  3  4  5  6  7  8  9 10 |
---------------+-------------------------------+-----
Unarmed Combat | 4 5 6 7 9 10 11 | 11.1
Throwing       | 1 |  1.2
Invocations    | 1 2 3 5 |  5.4
Stealth        | 2 |  2.0
Armour         | 2 |  2.6
Dodging        | 3 4 5 6 |  6.0
Fighting       | |  2.4

Action                   |  1- 3 |  4- 6 |  7- 9 | 10-12 || total
-------------------------+-------+-------+-------+-------++-------
Melee: Unarmed           |   104 |    82 |   253 |    30 ||   469
       Punch             |     1 |       |    12 |     2 ||    15
  Use: Scroll            |       |     5 |     4 |       ||     9
       Potion            |       |     1 |     4 |       ||     5
 Stab: Sleeping          |     1 |     6 |     9 |       ||    16
Armor: Robe              |    40 |    28 |   147 |    29 ||   244
Dodge: Dodged            |    53 |    38 |   184 |    10 ||   285

Table legend: (Time is in decaauts)
 A = Elapsed time spent in this place.
 B = Non-inter-level travel time spent in this place.
 C = Inter-level travel time spent in this place.
 D = Time resting spent in this place.
 E = Time spent auto-exploring this place.
 F = Levels seen in this place.
 G = Mean time per level.
                   A        B        C        D        E       F      G
               +--------+--------+--------+--------+--------+-----+--------+
         Total |   5279 |   5078 |    201 |     88 |   3958 |   8 |  659.9 |
       Dungeon |   5263 |   5062 |    201 |     88 |   3958 |   7 |  751.9 |
        Temple |     15 |     15 |      0 |      0 |      0 |   1 |   15.0 |
               +--------+--------+--------+--------+--------+-----+--------+

Top non-repeatable levels by time:
     D:6: 983 daAuts
     D:4: 929 daAuts
     D:1: 922 daAuts
     D:5: 827 daAuts
     D:3: 680 daAuts
     D:2: 598 daAuts
     D:7: 321 daAuts
  Temple: 15 daAuts
